 Dungeon Crawl Stone Soup version 0.20.0-15-g7f486f2 (webtiles) character file.

37 Chiseanne the Ducker (level 3, -1/27 HPs)
             Began as a Demonspawn Wanderer on June 10, 2017.
             Slain by Sigmund
             ... wielding a +0 scythe
              (2 damage)
             ... on level 2 of the Dungeon.
             The game lasted 00:02:02 (1492 turns).

Chiseanne the Ducker (Demonspawn Wanderer)          Turns: 1492, Time: 00:02:03

Health: -1/27      AC:  9    Str: 11    XL:     3   Next: 23%
Magic:  4/4        EV:  5    Int: 15    God:
Gold:   63         SH:  0    Dex: 12    Spells: 4/4 levels left

rFire    . . .     SeeInvis .   a - +2 quarterstaff
rCold    . . .     Gourm    .   (shield currently unavailable)
rNeg     . . .     Faith    .   n - +0 chain mail
rPois    .         Spirit   .   (no helmet)
rElec    .         Reflect  .   (no cloak)
rCorr    .         Harm     .   i - +0 pair of gloves
MR       .....                  (no boots)
Stlth    ..........             (no amulet)
Regen    0.1/turn               (no ring)
MPRegen  0.1/turn               (no ring)

@: no status effects
A: talons 1
a: no special abilities


You were on level 2 of the Dungeon.
You were not hungry.

You visited 1 branch of the dungeon, and saw 2 of its levels.

You collected 63 gold pieces.

Inventory:

Hand Weapons
 a - a +2 quarterstaff (weapon)
 e - a +0 dagger
Missiles
 g - 27 bolts
 h - 13 sling bullets
 j - 49 stones (quivered)
 o - 18 arrows
Armour
 i - a +0 pair of gloves (worn)
 n - a +0 chain mail (worn)
Scrolls
 c - 2 scrolls of teleportation
 d - a scroll of remove curse {unknown}
 l - a scroll of amnesia {unknown}
 m - 3 scrolls of immolation {unknown}
 p - a scroll of recharging {unknown}
Comestibles
 f - 2 bread rations
 k - 2 meat rations
 q - 2 chunks of flesh


   Skills:
 * Level 1.8 Fighting
 - Level 1.7 Staves
 * Level 0.8 Armour
 * Level 2.7 Dodging
 - Level 1.7 Stealth
 - Level 1.0 Spellcasting
   Level 1.0 Transmutations
   Level 1.0 Earth Magic


You had 4 spell levels left.
You didn't know any spells.

Dungeon Overview and Level Annotations

Branches:
Dungeon (2/15)

Altars:

Annotations:
D:2 Sigmund


Innate Abilities, Weirdness & Mutations

You have sharp toenails.


Message History

You thump the adder!
You kill the adder!
You have reached level 3!
Your experience leads to an increase in your attributes!
Increase (S)trength, (I)ntelligence, or (D)exterity?
You feel stronger.
You feel better.
Sigmund hits you from afar with a scythe!
* * * LOW HITPOINT WARNING * * *
Sigmund hits you but does no damage.
You barely miss Sigmund. Your kick misses Sigmund.
Sigmund is heavily wounded.
Sigmund hits you with a scythe!
* * * LOW HITPOINT WARNING * * *
Your chain mail prevents you from hitting Sigmund.
Sigmund is heavily wounded.
You closely miss Sigmund.
Sigmund is heavily wounded.
Sigmund hits you with a scythe.
You die...

....'# ...#..
....#.'## ####
##.#..#.#.. ...## ...
..#.#@# ##..###.#
#.#.#.##.# ##..#..#
#.#.#!..[# #
##...#####÷#.@####'.#
#....÷÷...#..@.....#
##.######÷÷'########+
##..# ###.........
#..######...<#......
#.####.....#########
#.###......#
#.##......##
##.##.#....# #..#.
######


You could see Sigmund.

Vanquished Creatures
  An adder (D:2)
  A dart slug (D:2)
  2 leopard geckos (D:2)
  3 bats
  A giant cockroach (D:1)
  3 goblins
  3 hobgoblins
  A frilled lizard (D:1)
  5 kobolds
  4 rats
24 creatures vanquished.

Notes
Turn   | Place    | Note
-------+----------+-------------------------------------------
     0 | D:1      | Chiseanne the Demonspawn Wanderer began the quest for the Orb.
     0 | D:1      | Chiseanne set off with: a +2 quarterstaff, a potion of curing, a scroll of teleportation, a +0 robe, a +0 dagger, a bread ration
     0 | D:1      | Reached XP level 1. HP: 15/15 MP: 2/2
   265 | D:1      | Reached skill level 2 in Dodging
   673 | D:1      | Gained mutation: You have sharp toenails. [demonic ancestry]
   673 | D:1      | Reached XP level 2. HP: 16/21 MP: 3/3
  1475 | D:2      | Noticed Sigmund
  1487 | D:2      | Reached XP level 3. HP: 13/27 MP: 4/4
  1490 | D:2      | HP: 1/27 [Sigmund/scythe (7)]
  1492 | D:2      | Slain by Sigmund

Skill      XL: |  1 |
---------------+----+-----
Dodging        | 2 |  2.7
Fighting       | |  1.8
Staves         | |  1.7
Armour         | |  0.8
Stealth        | |  1.7
Spellcasting   | |  1.0
Transmutations | |  1.0
Earth Magic    | |  1.0

Action                   || total
-------------------------++-------
Melee: Quarterstaff      ||    78
       Kick              ||     5
  Use: Potion            ||     2
  Eat: Chunk             ||     2
Armor: Leather armour    ||     2
       Robe              ||     1
       Chain mail        ||    47
Dodge: Dodged            ||    41
